 Dungeon Crawl Stone Soup version 0.27.1 (webtiles) character file.

Game seed: 13937835170139522008

3833 MajorAdolf the Carver (level 10, -3/85 HPs)
             Began as a Naga Wanderer on Aug 26, 2021.
             Was an Initiate of Gozag.
             Slain by an elephant (13 damage)
             ... on level 8 of the Dungeon.
             The game lasted 00:26:43 (11331 turns).

MajorAdolf the Carver (Naga Wanderer)              Turns: 11331, Time: 00:26:44

Health: -3/85      AC: 11    Str: 11    XL:     10   Next: 18%
Magic:  16/16      EV: 10    Int: 18    God:    Gozag
Gold:   888        SH:  5    Dex: 18    Spells: 9/17 levels left

rFire    . . .     SeeInvis +   t - +2 falchion "Soifa" {spect, +Rage rPois rCorr Dex+6}
rCold    . . .     Faith    .   h - +0 buckler
rNeg     . . .     Spirit   .   b - +0 robe
rPois    +         Reflect  .   (no helmet)
rElec    .         Harm     .   s - +2 cloak
rCorr    +         Rampage  .   (no gloves)
Will     +....                  (no barding)
Stlth    +++.......             (no amulet)
HPRegen  0.24/turn              g - ring of resist corrosion
MPRegen  0.15/turn              o - +4 ring of protection

@: gold aura, on berserk cooldown, slowed, very slow
A: AC +3, large, see invisible, deformed body, poison resistance, slowness 2,
spit poison 1, naga tail 1
a: Spit Poison, Renounce Religion, Evoke Berserk Rage, Potion Petition, Call
Merchant, Bribe Branch


You were on level 8 of the Dungeon.
You worshipped Gozag.
Gozag was pleased with you.
You visited 2 branches of the dungeon, and saw 9 of its levels.

You collected 962 gold pieces.
You paid 74 gold pieces to Gozag.

Inventory:

Hand Weapons
 l - a +3 whip
 t - the +2 falchion "Soifa" (weapon) {spect, +Rage rPois rCorr Dex+6}
   (You found it on level 4 of the Dungeon)

   When its wielder attacks, the weapon's spirit leaps out and strikes again.
   The spirit shares a part of any damage it takes with its wielder.
   Dex:       It affects your dexterity (+6).
   rPois:     It protects you from poison.
   +Rage:     It lets you go berserk.
   rCorr:     It protects you from acid and corrosion.
 w - a +2 dagger of venom
 y - the +5 whip of the Chickpea {vorpal, Will+ Dex+4}
   (You found it on level 5 of the Dungeon)

   It inflicts extra damage upon your enemies.
   Dex:       It affects your dexterity (+4).
   Will:      It increases your willpower.
Missiles
 i - 31 poisoned darts (quivered)
Armour
 b - a +0 robe (worn)
 h - a +0 buckler (worn)
 s - a +2 cloak (worn)
Jewellery
 g - a ring of resist corrosion (left hand)
 o - a +4 ring of protection (right hand)
 q - a ring of ice
Wands
 x - a wand of charming (10)
Scrolls
 a - a scroll of magic mapping {unknown}
 c - 2 scrolls of teleportation
 e - 6 scrolls of identify {unknown}
 j - 2 scrolls of immolation {unknown}
 m - a scroll of noise {unknown}
 n - 2 scrolls of acquirement {unknown}
 v - a scroll of summoning {unknown}
 C - 2 scrolls of fear {unknown}
 D - a scroll of brand weapon {unknown}
 E - a scroll of holy word {unknown}
Potions
 d - a potion of flight {unknown}
 f - 2 potions of magic {unknown}
 k - 5 potions of curing
 p - 2 potions of berserk rage {unknown}
 r - a potion of attraction {unknown}
 u - a potion of brilliance {unknown}
 z - a potion of mutation {unknown}
 A - a potion of ambrosia {unknown}
 B - a potion of lignification {unknown}


   Skills:
 - Level 3.7 Fighting
 + Level 9.2 Long Blades
 - Level 1.0 Dodging
 - Level 5.0 Stealth
 - Level 2.4 Shields
 - Level 1.0 Unarmed Combat
 + Level 4.0 Spellcasting
 + Level 8.4 Translocations
 - Level 2.0 Ice Magic
 - Level 1.0 Evocations


You had 9 spell levels left.
You knew the following spells:

 Your Spells              Type           Power      Damage    Failure   Level
a - Blink                 Tloc           N/A        N/A       1%          2
b - Gell's Gravitas       Tloc           17%        N/A       1%          3
c - Lesser Beckoning      Tloc           17%        N/A       1%          3

Your spell library contained the following spells:

 Spells                   Type           Power      Damage    Failure   Level
 Teleport Other           Tloc           34%        N/A       1%          3
 Manifold Assault         Tloc           34%        N/A       13%         5
 Magic Dart               Conj           12%        1d3       14%         1
 Searing Ray              Conj           6%         3d3       22%         2
 Fulminant Prism          Conj/Hex       1%         3d6       82%         4


Dungeon Overview and Level Annotations

Branches:
Dungeon (8/15)             Temple (1/1) D:4            Lair (0/6) D:8

Altars:
Ashenzari
Cheibriados
Dithmenos
Elyvilon
Gozag
Hepliaklqana
Kikubaaqudgha
Makhleb
Nemelex Xobeh
Okawaru
Qazlal
Ru
Sif Muna
Trog
Uskayaw
Vehumet
Wu Jian
Xom
Yredelemnul
Zin
The Shining One

Annotations:
D:4 exclusion: acid dragon
D:6 exclusion: komodo dragon
D:7 Harold


Innate Abilities, Weirdness & Mutations

Your serpentine skin is tough. (AC +3)
You have supernaturally acute eyesight. (SInv)
Armour fits poorly on your strangely shaped body.
Your system is resistant to poisons. (rPois)
You cover ground very slowly.
You can spit poison.
You have a snake-like lower body.


Message History

Unknown command.
You hit the elephant but do no damage.
The elephant is heavily wounded.
Your +2 falchion "Soifa" {spect, +Rage rPois rCorr Dex+6} hits the elephant!
The elephant is distracted by your dazzling golden aura.
You catch the helpless elephant completely off-guard!
You hit the elephant but do no damage.
The elephant is no longer distracted by gold.
The elephant is severely wounded.
Your +2 falchion "Soifa" {spect, +Rage rPois rCorr Dex+6} hits the elephant but does no damage.
The elephant tramples you!
* * * LOW HITPOINT WARNING * * *
You hold your ground!
The elephant trunk-slaps you but does no damage.
The elephant tramples you but does no damage.
The elephant closely misses you.
You hit the elephant but do no damage.
The elephant is heavily wounded.
Your +2 falchion "Soifa" {spect, +Rage rPois rCorr Dex+6} hits the elephant!
The elephant tramples you.
* * * LOW HITPOINT WARNING * * *
You hold your ground!
The elephant trunk-slaps you but does no damage.
Unknown command.
You hit the elephant but do no damage.
The elephant is severely wounded.
Your +2 falchion "Soifa" {spect, +Rage rPois rCorr Dex+6} hits the elephant.
The elephant misses your +2 falchion "Soifa" {spect, +Rage rPois rCorr Dex+6}.
The elephant trunk-slaps your +2 falchion "Soifa" {spect, +Rage rPois rCorr Dex+6}.
Unknown command.
You hit the elephant.
The elephant is almost dead.
Your +2 falchion "Soifa" {spect, +Rage rPois rCorr Dex+6} hits the elephant.
The elephant tramples your +2 falchion "Soifa" {spect, +Rage rPois rCorr Dex+6}!!
Your spectral weapon shares its damage with you!
Your +2 falchion "Soifa" {spect, +Rage rPois rCorr Dex+6} is shoved backwards!
* * * LOW HITPOINT WARNING * * *
The elephant tramples you!
You die...
Your body crumbles into a pile of gold.

### ## #.###.# .# ##.#.#
.# #(#######...## .#
###......#.@Y.#
###.##.#####.#...ยง.#
#.......####.#..##.#
....##....#...##.#
##..####.....###..
###...#####....# #...
...............# #....
...............# ......
#...#.#####.............


You could see an elephant.

Vanquished Creatures
  A two-headed ogre (D:8)
  An unseen horror (D:6)
  2 wyverns
  A basilisk (D:8)
  A water moccasin (D:5)
  2 black bears
  3 ice beasts
  2 ogres
  A hornet zombie (D:7)
  A centaur (D:6)
  A kobold brigand (D:8)
  3 phantoms
  4 scorpions
  3 wights (D:7)
  An electric eel (D:8)
  3 howler monkeys (D:8)
  2 bullfrog zombies
  2 centaur zombies
  4 orc priests
  A centaur skeleton (D:6)
  A gnoll shaman (D:6)
  A bullfrog skeleton (D:5)
  Crazy Yiuf (D:3)
  4 iguanas
  An orc wizard (D:8)
  Natasha (thrice) (D:3)
  A mummy (D:7)
  A howler monkey zombie (D:7)
  7 gnolls
  9 adders
  A shadow imp (D:6)
  2 worms
  A dart slug (D:1)
  18 orcs
  5 endoplasms
  3 giant cockroaches
  7 goblins
  3 hobgoblins
  8 quokkas
  10 ball pythons
  2 bats (D:2)
  2 frilled lizards
  10 kobolds
  6 rats
146 creatures vanquished.

Vanquished Creatures (others)
  12 plants (D:4)
  A withered plant (D:7)
13 creatures vanquished.

Grand Total: 159 creatures vanquished

Notes
Turn   | Place    | Note
-------+----------+-------------------------------------------
     0 | D:1      | MajorAdolf the Naga Wanderer began the quest for the Orb.
     0 | D:1      | MajorAdolf set off with the following items: a +0 dagger, a
                  | +0 robe, 2 scrolls of teleportation; and the following
                  | spells available to memorise: Blink, Gell's Gravitas,
                  | Lesser Beckoning, Teleport Other, Manifold Assault
     0 | D:1      | Reached XP level 1. HP: 18/18 MP: 2/2
    89 | D:1      | Reached XP level 2. HP: 26/26 MP: 3/3
   122 | D:1      | Found a faded altar of an unknown god.
   997 | D:1      | Reached skill level 1 in Shields
  1194 | D:1      | Reached XP level 3. HP: 23/32 MP: 4/4
  2811 | D:2      | Reached XP level 4. HP: 29/39 MP: 5/5
  3388 | D:3      | Found a runed translucent door.
  3389 | D:3      | Noticed Crazy Yiuf
  3651 | D:3      | Noticed Natasha
  4142 | D:3      | Reached XP level 5. HP: 36/45 MP: 6/6
  4562 | D:3      | Killed Natasha
  4563 | D:3      | Reached skill level 5 in Stealth
  4676 | D:3      | Noticed Natasha
  4737 | D:3      | Killed Natasha
  4909 | D:3      | Noticed Natasha
  4918 | D:3      | Killed Natasha
  5172 | D:3      | Found a runed translucent door.
  5909 | D:3      | Killed Crazy Yiuf
  5910 | D:3      | Reached XP level 6. HP: 55/56 MP: 7/7
  7026 | D:4      | Found a staircase to the Ecumenical Temple.
  7036 | Temple   | Entered the Ecumenical Temple
  7177 | Temple   | Became a worshipper of Gozag Ym Sagoz the Greedy
  7262 | D:4      | Identified the +2 falchion "Soifa" {spect, +Rage rPois
                  | rCorr Dex+6}
  7545 | D:4      | Noticed an acid dragon
  7666 | D:5      | Entered Level 5 of the Dungeon
  7750 | D:5      | Reached skill level 1 in Long Blades
  7792 | D:5      | Reached skill level 2 in Long Blades
  7814 | D:5      | Reached skill level 3 in Long Blades
  7817 | D:5      | Reached XP level 7. HP: 38/63 MP: 8/8
  8003 | D:5      | Reached skill level 4 in Long Blades
  8163 | D:5      | Reached skill level 5 in Long Blades
  8413 | D:5      | Reached XP level 8. HP: 72/72 MP: 9/9
  8593 | D:5      | Identified the +5 whip of the Chickpea {vorpal, Will+
                  | Dex+4}
  8997 | D:6      | Noticed an unseen horror
  9024 | D:6      | Killed an unseen horror
  9025 | D:6      | Reached skill level 6 in Long Blades
  9025 | D:6      | Reached skill level 5 in Translocations
  9490 | D:6      | Reached skill level 7 in Long Blades
  9536 | D:6      | Noticed a komodo dragon
  9584 | D:6      | Reached XP level 9. HP: 71/78 MP: 10/10
  9629 | D:6      | Learned a level 2 spell: Blink
  9633 | D:6      | Learned a level 3 spell: Gell's Gravitas
  9637 | D:6      | Learned a level 3 spell: Lesser Beckoning
 10309 | D:7      | Noticed Harold
 10456 | D:7      | Reached skill level 8 in Long Blades
 10896 | D:8      | Noticed an elephant
 11209 | D:8      | Found a staircase to the Lair.
 11224 | D:8      | Found an iron altar of Okawaru.
 11301 | D:8      | Noticed a two-headed ogre
 11311 | D:8      | Killed a two-headed ogre
 11312 | D:8      | Reached skill level 9 in Long Blades
 11312 | D:8      | Reached XP level 10. HP: 85/85 MP: 13/16
 11331 | D:8      | Slain by an elephant

Illustrated notes

Levels and vault maps discovered:
D:1:      zaba_arrival_water, layout_basic,
          shapermc_ecumenical_altar_mp_highgroup
D:2:      layout_basic, serial_corexii_hall, corexii_hall_statues_l,
          chequers_hall_statues_corner_a
D:3:      layout_basic, minivault_26, uniq_natasha, uniq_crazy_yiuf_cottage
D:4:      layout_loops_corners, minmay_temple_entry_statues, serial_bayou_ford_a
D:5:      minmay_evil_eye, layout_basic
D:6:      nicolae_whirlpool, layout_gridville
D:7:      layout_rooms, serial_undead, serial_undead_a, serial_undead_c,
          serial_undead_c, serial_undead_c, uniq_harold
D:8:      layout_layer_cave, minitemple, david_lair_generic, lightli_minifort
Temple:   regret_index_temple_chain_breaker

Skill      XL: |  1  2  3  4  5  6  7  8  9 |
---------------+----------------------------+-----
Fighting       | 2 3 |  3.7
Shields        | 1 2 |  2.4
Stealth        | 4 5 |  5.0
Long Blades    | 3 5 7 9 |  9.2
Translocations | 3 6 8 |  8.4
Spellcasting   | 4 |  4.0
Dodging        | |  1.0
Unarmed Combat | |  1.0
Ice Magic      | |  2.0
Evocations     | |  1.0

Action                   |  1- 3 |  4- 6 |  7- 9 | 10-12 || total
-------------------------+-------+-------+-------+-------++-------
Melee: Dagger            |    25 |       |       |       ||    25
       Whip              |    13 |    28 |       |       ||    41
       Falchion          |       |    33 |   174 |    15 ||   222
Throw: Dart              |    44 |    65 |    12 |       ||   121
 Cast: Blink             |       |       |     2 |       ||     2
       Gell's Gravitas   |       |       |     2 |       ||     2
 Abil: Spit Poison       |    37 |    37 |     5 |       ||    79
       Evoke Berserk Rag |       |       |     2 |       ||     2
  Use: Scroll            |       |     1 |       |       ||     1
 Stab: Sleeping          |     2 |     1 |     8 |       ||    11
       Distracted        |       |       |     3 |     2 ||     5
Armor: Robe              |    10 |    26 |    57 |    11 ||   104
Dodge: Dodged            |    14 |    30 |    73 |     6 ||   123
Block: Buckler           |     4 |    11 |    30 |     1 ||    46
       Rpst.: Falchion   |       |     3 |    20 |       ||    23
